[Event "***Titled Tuesday 3|2 Blitz"]
[Site "Chess.com"]
[Date "2017.02.07"]
[Round "2"]
[White "JSMastropiero"]
[Black "Carolina-moon"]
[Result "1-0"]
[WhiteElo "2159"]
[BlackElo "2040"]
[TimeControl "180+2"]
[EndTime "13:26:20 PST"]
[Termination "JSMastropiero won by resignation"]

1. d4 f5 2. g3 Nf6 3. Bg2 g6 4. Nf3 Bg7 5. O-O O-O 6. c4 d6 7.
Nc3 c6 8. Rb1 Qe8 9. d5 c5 10. a3 Ne4 11. Nxe4 fxe4 12. Ng5 Bf5 13. Nxe4 Nd7 14. b4 b6 15. Bb2 Ne5 16. Qb3 Rc8 17.
Rbc1 a5 18. b5 h6 19. h3 Qf7 20. f4 Nd7 21. Nf2 a4 22. Qa2 g5 23. fxg5 hxg5 24.
Ng4 Qg6 25. Bxg7 Qxg7 26. Bf3 Ne5 27. Nxe5 Qxe5 28. Kg2 Kg7 29. Qd2 Rh8 30. Qxg5+ Kf7 31. Qxf5+ Qxf5 32. Bg4 Qxf1+ 33. Rxf1+ Kg6 34. Bxc8 Rxc8 35.
Rf4 Re8 36. Re4 Kf5 37. Kf3 e5 38. dxe6 Re7 39. h4 Kf6 40. g4 1-0

[Event "***Titled Tuesday 3|2 Blitz"]
[Site "Chess.com"]
[Date "2017.02.07"]
[Round "2"]
[White "oggy1984"]
[Black "chessdude"]
[Result "0-1"]
[WhiteElo "2301"]
[BlackElo "2425"]
[TimeControl "180+2"]
[EndTime "13:26:22 PST"]
[Termination "chessdude won on time"]

1. e4 c5 2. Nf3 d6 3. d4 cxd4 4. Nxd4 Nf6 5. Nc3 a6 6. Be3 Ng4 7. Bg5 h6 8. Bh4 g5 9. Bg3 Bg7 10. h3 Ne5 11. Qd2 Nbc6 12. Nb3 Be6 13. Nd5 Rc8 14.
f3 Ng6 15. c3 Na5 16. Bf2 Nxb3 17. axb3 Be5 18. b4 Kf8 19. b5 axb5 20. Bxb5 Bxd5 21.
Qxd5 Nf4 22. Qxb7 Rb8 23. Qa6 Nxg2+ 24. Kf1 Nf4 25. h4 Kg7 26. Be3 e6 27. Rg1 Qf6 28. hxg5 hxg5 29. Qc6 Nh3 30. Ke2 Nxg1+ 31. Rxg1 Bf4 32.
Bd4 e5 33. Bf2 Rh2 34. c4 Qd8 35. Qd5 Qb6 36. Rf1 Qe3+ 0-1

[Event "***Titled Tuesday 3|2 Blitz"]
[Site "Chess.com"]
[Date "2017.02.07"]
[Round "2"]
[White "Boryboy"]
[Black "dcremisi"]
[Result "1/2-1/2"]
[WhiteElo "2393"]
[BlackElo "2252"]
[TimeControl "180+2"]
[EndTime "13:26:24 PST"]
[Termination "Game drawn - insufficient material"]

1. d4 e6 2. Nf3 Nf6 3. g3 d5 4. Bg2 Be7 5. O-O O-O 6. c4 c6 7. Qc2 b6 8. Nbd2 Bb7 9. e4 dxe4 10.
Nxe4 Nxe4 11. Qxe4 Nd7 12. Rd1 Nf6 13. Qc2 Qc7 14.
Bf4 Bd6 15. Bxd6 Qxd6 16. c5 Qc7 17. b4 a5 18. a3 axb4 19. axb4 bxc5 20. dxc5 Nd5 21.
Qb2 Rxa1 22. Rxa1 Ra8 23. Rxa8+ Bxa8 24. Ne5 Nxb4 25. Nxf7 Nd3 26. Qa3 Qxf7 27. Qxd3 Qe7 28. Qe3 Bb7 29. Qe5 Qd7 30. Bf3 Bc8 31. h4 Ba6 32.
Qd6 Qxd6 33. cxd6 Kf7 34. Bxc6 e5 35. Bd5+ Ke8 36. Be6 Bb5 37. f4 exf4 38. gxf4 Bd7 39. f5 g6 40. Bg8 Bxf5 41. Bxh7 Kd7 42. Kf2 Kxd6 43. Kg3 Ke5 44. Bg8 Kf6 45. Kf4 Bd7 46. Bd5 Be8 47. Be4 Bf7 48. Bd3 Be6 49. Be2 Bg8 50. Bf3 Be6 51. Bc6 Bf7 52. Bb7 Be6 53. Ba6 Bf7 54. Bd3 Be8 55. Bc2 Bf7 56. Bd1 Be6 57. Ke4 Bd7 58. Kd5 Bh3 59. Ke4 Bf5+ 60.
Kf4 Be6 61. Bc2 Bf7 62. Kg3 Be6 63. Bb1 Bd5 64. Kg4 Be6+ 65. Kf3 Bd7 66. Kf4 Be6 67. h5 gxh5 68. Kg3 Kg5 69. Kh2 h4 70. Be4 Kf4 71. Bh1 Bg4 72. Bd5 Kg5 73. Bg2 Kf4 74. Bh1 Ke3 75. Bg2 Kf4 76. Bh1 Kg5 77. Bg2 Kf4 78.
Bh1 Bf5 79. Bg2 Ke3 80. Bh1 Kf2 81. Bg2 Bh3 82. Kxh3 Kg1 83. Kxh4 1/2-1/2

[Event "***Titled Tuesday 3|2 Blitz"]
[Site "Chess.com"]
[Date "2017.02.07"]
[Round "2"]
[White "EmeseBalogh"]
[Black "HouseOfDurin"]
[Result "0-1"]
[WhiteElo "1995"]
[BlackElo "1894"]
[TimeControl "180+2"]
[EndTime "13:26:24 PST"]
[Termination "HouseOfDurin won by checkmate"]

1. e4 c5 2. Nc3 Nc6 3. d3 g6 4.
Be3 d6 5. d4 cxd4 6. Bxd4 Nxd4 7. Qxd4 Nf6 8. e5 dxe5 9. Bb5+ Bd7 10. Qxe5 Bg7 11. O-O-O O-O 12. Bxd7 Nxd7 13. Qb5 Qb6 14. Rxd7 Qxf2 15. Nge2 Qxg2 16. Qxb7 Bh6+ 17. Kb1 Qf2 18. Qe4 Rab8 19. Rxe7 Qb6 20. b3 Rfc8 21. Nd5 Qc5 22. c4 Bg7 23. Nec3 Qa3 24. Qc2 a5 25. Rf1 Rf8 26.
Nf6+ Kh8 27. Qb2 Qxe7 28. Ncd5 Qe6 29. Qf2 a4 30. Qh4 h5 31. Nxh5 gxh5 32. Qxh5+ Qh6 33.
Qf3 axb3 34. axb3 Qg6+ 35. Kc1 Bh6+ 36. Nf4 Qg5 37. Qh3 Rbe8 38. Rf3 Re4 39. Kc2 Rxf4 40. Rxf4 Qxf4 41. Qd3 Qxh2+ 42. Kc3 Qe5+ 43. Kb4 Rb8+ 44. Ka4 Bg7 45. Qh3+ Kg8 46. Qd7 Qa1# 0-1

[Event "***Titled Tuesday 3|2 Blitz"]
[Site "Chess.com"]
[Date "2017.02.07"]
[Round "2"]
[White "Entilza"]
[Black "RitvarsReimanis"]
[Result "1/2-1/2"]
[WhiteElo "2210"]
[BlackElo "2346"]
[TimeControl "180+2"]
[EndTime "13:26:26 PST"]
[Termination "Game drawn by agreement"]

1. d4 Nf6 2. c4 e6 3. Nc3 Bb4 4.
e3 O-O 5. Bd3 c5 6. Ne2 d5 7. a3 Bxc3+ 8. bxc3 cxd4 9. cxd4 dxc4 10. Bxc4 b6 11. O-O Bb7 12. f3 Nc6 13. e4 Rc8 14.
Ba2 Ba6 15. d5 exd5 16. exd5 Nxd5 17. Bxd5 Bxe2 18. Bxf7+ Rxf7 19. Qxe2 Nd4 20. Qe4 Re7 21. Bg5 Rxe4 22. Bxd8 Re2 23. Bh4 Rcc2 24. Rf2 g5 25.
Bg3 h5 26. h4 Nf5 27. Rxe2 Rxe2 28. Bf2 g4 29. fxg4 hxg4 30. g3 Rc2 31. Rd1 Rc3 32.
Rd8+ Kf7 33. Rd7+ Kg6 34. Rxa7 Nxg3 35. Ra6 Ne2+ 36. Kf1 Nf4 37. Rxb6+ Kh5 38. Rb5+ Kg6 39. Rg5+ Kh6 40. Rxg4 Rc1+ 41. Be1 Nd3 42. Re4 Ra1 43. a4 Nb2 44. a5 Nd3 45. Re6+ Kh5 46. Re3 Nxe1 47. Rxe1 Rxa5 48. Re4 Ra2 49. Rd4 Rh2 50. Re4 1/2-1/2

[Event "***Titled Tuesday 3|2 Blitz"]
[Site "Chess.com"]
[Date "2017.02.07"]
[Round "2"]
[White "joppie2"]
[Black "Keranke"]
[Result "0-1"]
[WhiteElo "2537"]
[BlackElo "2656"]
[TimeControl "180+2"]
[EndTime "13:26:28 PST"]
[Termination "Keranke won on time"]

1. e4 g6 2. d4 Bg7 3. Nc3 d6 4.
Be3 a6 5. h4 h6 6. Qd2 b5 7. f3 Nd7 8. O-O-O Bb7 9. g4 Rc8 10. d5 c6 11. dxc6 Bxc6 12. Nge2 Qa5 13. Kb1 Ngf6 14. Nd4 Bb7 15. Bd3 Ne5 16. g5 hxg5 17.
hxg5 Nh5 18. Qf2 Rxc3 19. bxc3 Qxc3 20. Qd2 Qc7 21. Be2 O-O 22. Nb3 Ng3 23. Rh3 Nxe2 24. Qxe2 Nc4 25. Bd4 e5 26. Bb2 Rc8 27. Rdh1 a5 28. Qh2 Kf8 29. Rh8+ Bxh8 30. Qxh8+ Ke7 31. Qf6+ Kd7 32. Qxf7+ Kc6 33. Qxc7+ Rxc7 34. Rh6 a4 35. Nc1 b4 36. Nd3 Nd2+ 37. Kc1 Nxf3 38. Rxg6 Kb5 39. Rxd6 a3 40. Bxe5 Bxe4 0-1

[Event "***Titled Tuesday 3|2 Blitz"]
[Site "Chess.com"]
[Date "2017.02.07"]
[Round "2"]
[White "NoWuss2"]
[Black "ChessMavenYeti"]
[Result "0-1"]
[WhiteElo "2047"]
[BlackElo "2180"]
[TimeControl "180+2"]
[EndTime "13:26:30 PST"]
[Termination "ChessMavenYeti won by checkmate"]

1. e4 e6 2. Nf3 d5 3. e5 c5 4. b4 c4 5. c3 a5 6. b5 a4 7. d3 cxd3 8. Bxd3 Nd7 9. O-O Qc7 10.
Re1 Nb6 11. Qc2 Ne7 12. Ba3 Bd7 13. Bd6 Qc8 14. Nbd2 Ng6 15. Ng5 Bxd6 16. exd6 Qc5 17. Nxh7 Nf4 18. g3 Nxd3 19. Qxd3 Bxb5 20. d7+ Nxd7 21. Qb1 Bc6 22. Ng5 Qxc3 23. Ndf3 Qf6 24. h4 d4 25. Nxd4 Qxd4 26. Nxe6 fxe6 27. Qg6+ Kd8 28.
Rad1 Qf6 29. Qd3 Qf3 30. Qxf3 Bxf3 31. Rd3 Bd5 32. a3 Rf8 33. f4 Nc5 34. Rd2 Ne4 35. Rd3 Nc5 36. Rd2 Kc7 37. Rc1 Kd6 38. Re1 b6 39. Kh2 Nb3 40. Rd3 Rac8 41. Kh3 Rc2 42. Kg4 Kc5 43. f5 exf5+ 44. Kg5 Be4 45. Rd7 Nd4 46.
Rc7+ Kd6 47. Ra7 Ne6+ 48. Kg6 Rf6+ 49. Kh7 Rh6+ 50. Kg8 Rc8+ 51. Kf7 Rf8# 0-1

[Event "***Titled Tuesday 3|2 Blitz"]
[Site "Chess.com"]
[Date "2017.02.07"]
[Round "2"]
[White "Vamostodorecto"]
[Black "TricksOnly"]
[Result "0-1"]
[WhiteElo "2052"]
[BlackElo "2415"]
[TimeControl "180+2"]
[EndTime "13:26:31 PST"]
[Termination "TricksOnly won on time"]

1. d4 d6 2. c4 e5 3. Nf3 e4 4.
Ng5 f5 5. Nc3 Be7 6. h4 Nf6 7.
Bf4 O-O 8. e3 c6 9. Be2 Na6 10.
Nh3 Nc7 11. Bg3 Ne6 12. d5 Nc5 13. b4 Na6 14. Rb1 Nc7 15. Nf4 Qe8 16. O-O Qf7 17. Qd2 Nd7 18. c5 Qf6 19. Nh5 Qh6 20. dxc6 Ne5 21.
Bf4 Qg6 22. cxb7 Bxb7 23. Ng3 Rad8 24. Qc2 Ne6 25. Bxe5 dxe5 26. h5 Qg5 27. Bc4 Bc8 28. Qb3 Qh6 29. Rbd1 Kh8 30. Nd5 Bh4 31. Qc3 f4 32.
Nxe4 Qxh5 33. exf4 exf4 34. Nd6 Qg6 35. Nxc8 f3 36. Qxf3 Rxf3 37. Nd6 Rff8 38. Ne3 Nf4 0-1

[Event "***Titled Tuesday 3|2 Blitz"]
[Site "Chess.com"]
[Date "2017.02.07"]
[Round "2"]
[White "ZEN-22"]
[Black "alekroth64"]
[Result "1/2-1/2"]
[WhiteElo "2363"]
[BlackElo "2224"]
[TimeControl "180+2"]
[EndTime "13:26:33 PST"]
[Termination "Game drawn by repetition"]

1. e4 e5 2. Nc3 Nf6 3. Bc4 Nxe4 4.
Qh5 Nd6 5. Qxe5+ Qe7 6. Qxe7+ Bxe7 7. Bb3 c6 8. d4 Nf5 9. Nf3 d5 10. Bf4 Nd7 11. O-O-O O-O 12. Rhe1 Bf6 13. g4 Nh4 14.
Nxh4 Bxh4 15. Bd6 Rd8 16. Bc7 Rf8 17. Bd6 Rd8 18. Be7 Bxe7 19. Rxe7 Nf6 20. f3 Kf8 21. Rde1 Ne4 22. Rc7 Nxc3 23. bxc3 Rd7 24. Rxd7 Bxd7 25. c4 dxc4 26. Bxc4 Re8 27. Rxe8+ Bxe8 28. Kd2 Ke7 29.
Ke3 Kd6 30. Bd3 h6 31. h4 f6 32. Be4 Bf7 33. a3 b5 34. c3 a5 35. Kf4 c5 36.
dxc5+ Kxc5 37. Bd3 Be6 38. g5 fxg5+ 39. hxg5 h5 40. Kg3 Bc4 41. Bg6 Be2 42. Bxh5 Kc4 43. Be8 Kxc3 44. f4 b4 45. axb4 axb4 46. f5 b3 47. f6 gxf6 48. gxf6 b2 49. Bg6 Bd3 50. Bxd3 Kxd3 51. f7 b1=Q 52. f8=Q Qg1+ 53. Kh3 Qh1+ 54.
Kg3 Qg1+ 55. Kh3 Qh1+ 56. Kg3 Qg1+ 57. Kh3 Qh1+ 58. Kg3 Qg1+ 59. Kh3 Qh1+ 60. Kg3 Qg1+ 1/2-1/2

[Event "***Titled Tuesday 3|2 Blitz"]
[Site "Chess.com"]
[Date "2017.02.07"]
[Round "2"]
[White "GasconJR"]
[Black "rubhani"]
[Result "0-1"]
[WhiteElo "2326"]
[BlackElo "2378"]
[TimeControl "180+2"]
[EndTime "13:26:34 PST"]
[Termination "rubhani won on time"]

1. e4 c5 2. Nf3 d6 3. d4 cxd4 4. Nxd4 Nf6 5. Nc3 a6 6. Bg5 Nbd7 7. f4 Qc7 8. Qf3 h6 9. Bxf6 Nxf6 10. f5 Qc5 11. O-O-O g5 12. fxg6 Bg4 13. gxf7+ Kxf7 14. Qd3 Bxd1 15. Nxd1 Bg7 16. g3 e6 17. Bh3 Rhe8 18. Rf1 Qh5 19. Bxe6+ Rxe6 20. Nxe6 Kxe6 21. Qb3+ d5 22.
Ne3 Rd8 23. Nf5 Qg5+ 24. Kb1 Nxe4 25. Qb6+ Rd6 26. Nxd6 Nxd6 27. Re1+ Be5 28. a3 Qd2 29. Qg1 Ne4 30. Rd1 Qf2 31. Qh1 Qb6 32. b3 Nc3+ 33.
Kc1 Nxd1 34. Qxd1 Qd4 0-1

[Event "***Titled Tuesday 3|2 Blitz"]
[Site "Chess.com"]
[Date "2017.02.07"]
[Round "2"]
[White "RoelandPruijssers"]
[Black "Lukianoo"]
[Result "0-1"]
[WhiteElo "2481"]
[BlackElo "2604"]
[TimeControl "180+2"]
[EndTime "13:26:39 PST"]
[Termination "Lukianoo won by resignation"]

1. e4 c6 2. d4 d5 3. e5 Bf5 4.
Nf3 e6 5. Be2 Be7 6. Be3 Nh6 7.
h3 Bg6 8. Nbd2 Nf5 9. Bf4 Qb6 10. Nb3 a5 11. a4 Nd7 12. O-O O-O 13. Bd3 c5 14. Bb5 Rfd8 15. g4 Nxd4 16. Nfxd4 cxd4 17. Nxd4 Nc5 18. Be3 Qc7 19. f4 f6 20. f5 Bf7 21.
fxe6 Nxe6 22. Nf5 fxe5 23. Qf3 Bc5 24. Bxc5 Qxc5+ 25. Kh1 Rf8 26. Qg3 d4 27. Rae1 Nf4 28.
Bd3 Rae8 29. Rf2 Bg6 30. Qh4 Rf7 31. Be4 Ref8 32. Qg3 Kh8 33. Qb3 Rc7 34. h4 Bf7 35. Qg3 Bd5 36. Qf3 g6 37. Ng3 Ne6 38. Bxd5 Rxf3 39.
Bxf3 d3 40. Ne4 Qe7 41. cxd3 Qxh4+ 42. Kg1 Nf4 43. Rd1 Nh3+ 44. Kg2 Nxf2 45. Nxf2 Rc2 46.
Rf1 Rxb2 0-1

[Event "***Titled Tuesday 3|2 Blitz"]
[Site "Chess.com"]
[Date "2017.02.07"]
[Round "2"]
[White "proxy6"]
[Black "Ilja_Semjonovs"]
[Result "1/2-1/2"]
[WhiteElo "2081"]
[BlackElo "2173"]
[TimeControl "180+2"]
[EndTime "13:26:43 PST"]
[Termination "Game drawn by repetition"]

1. e4 c5 2. Nf3 d6 3. d4 cxd4 4.
Nxd4 Nf6 5. Nc3 a6 6. Be3 e5 7. Nb3 Be6 8. h3 Be7 9. Qf3 b5 10. O-O-O Nbd7 11. g4 h6 12. Qg2 Rc8 13. Kb1 Qc7 14.
f4 exf4 15. Bxf4 Ne5 16. Nd5 O-O 17. Rg1 Nxd5 18. exd5 Bd7 19. Bd3 Nxd3 20. Rxd3 Bf6 21. Rd2 Qc4 22. Bxd6 Rfe8 23. Qf1 Qe4 24. Qd1 Bg5 25.
Rd4 Qe3 26. Bg3 Bf6 27. Rd3 Qb6 28. Bf4 a5 29. Nd4 Bxd4 30. Rxd4 Rc4 31. Rxc4 bxc4 32.
Re1 Rxe1 33. Qxe1 Qd4 34. Qd2 Qg1+ 35. Qc1 Qd4 36. Qd2 Qg1+ 37. Qc1 Qd4 38. Qd2 Qg1+ 1/2-1/2

[Event "***Titled Tuesday 3|2 Blitz"]
[Site "Chess.com"]
[Date "2017.02.07"]
[Round "2"]
[White "ArnaudovP"]
[Black "Sebastian"]
[Result "0-1"]
[WhiteElo "2391"]
[BlackElo "2678"]
[TimeControl "180+2"]
[EndTime "13:26:44 PST"]
[Termination "Sebastian won by resignation"]

1. Nf3 Nf6 2. c4 c5 3. Nc3 Nc6 4. d4 cxd4 5. Nxd4 e6 6. a3 Be7 7. e4 O-O 8. Be2 d5 9. exd5 exd5 10. O-O Nxd4 11. Qxd4 Be6 12. cxd5 Nxd5 13. Nxd5 Qxd5 14. Be3 Bf6 15. Qxd5 Bxd5 16. Rad1 Rfd8 17. Rd2 Bb3 18. Bd3 Rac8 19. h3 b6 20. Rb1 g6 21. Be4 Rxd2 22.
Bxd2 Kg7 23. g4 Rc5 24. Be3 Rb5 25. Bc6 Re5 26. Bf3 Bd5 27. g5 Bxf3 28. gxf6+ Kg8 29. Rc1 h5 30. h4 Bg4 31. Rc7 a6 32. Re7 Rb5 33. b4 a5 34. Bh6 Be6 35. Bg7 Kh7 36. Re8 g5 37. hxg5 Rxg5+ 38. Kf1 Kg6 39. bxa5 Rxa5 40.
Rb8 b5 41. Bf8 h4 42. Bb4 Ra6 43. Rxb5 Bc4+ 0-1

[Event "***Titled Tuesday 3|2 Blitz"]
[Site "Chess.com"]
[Date "2017.02.07"]
[Round "2"]
[White "Zhigalko_Sergei"]
[Black "wannabe2700"]
[Result "1-0"]
[WhiteElo "2683"]
[BlackElo "2277"]
[TimeControl "180+2"]
[EndTime "13:26:52 PST"]
[Termination "Zhigalko_Sergei won by checkmate"]

1. e4 e6 2. d4 d5 3. e5 c5 4. c3 Nc6 5. Nf3 Qb6 6. a3 a5 7. Bd3 Nh6 8. O-O Bd7 9. dxc5 Bxc5 10. a4 Nf5 11. Na3 Rd8 12. Nb5 O-O 13. Bg5 Nfe7 14. Bc2 Rde8 15. Qd3 Ng6 16. h4 h5 17. Rae1 Be7 18. g3 d4 19. Qd1 Rd8 20. cxd4 Rfe8 21.
Be3 Nb4 22. d5 Bc5 23. Bxg6 fxg6 24. d6 Bxb5 25. axb5 Qxb5 26. Qb1 Bxe3 27. Rxe3 Nd5 28. Ra3 Qd7 29. Qxg6 Qf7 30. Qxf7+ Kxf7 31. Rxa5 Rd7 32. Rc1 Kg6 33. Kg2 Rf8 34. Ra3 Rf5 35. Re1 Nb4 36.
Nd4 Rff7 37. Re2 Nc6 38. Nxe6 Rf5 39. Nf4+ Rxf4 40. gxf4 Kf5 41. e6 Rxd6 42. e7 Rg6+ 43. Rg3 Rf6 44. e8=Q g5 45. Qe4# 1-0

[Event "***Titled Tuesday 3|2 Blitz"]
[Site "Chess.com"]
[Date "2017.02.07"]
[Round "2"]
[White "Generalas"]
[Black "AndrewDGreen"]
[Result "0-1"]
[WhiteElo "2183"]
[BlackElo "2099"]
[TimeControl "180+2"]
[EndTime "13:26:53 PST"]
[Termination "AndrewDGreen won on time"]

1. e4 Nf6 2. e5 Nd5 3. c4 Nb6 4.
c5 Nd5 5. d4 e6 6. Nc3 b6 7. cxb6 axb6 8. Nxd5 exd5 9. Nf3 Ba6 10.
Bxa6 Nxa6 11. O-O Be7 12. a3 O-O 13. Qd3 d6 14. Bf4 c5 15. Rad1 Nc7 16. Rfe1 Qd7 17.
exd6 Bxd6 18. Ng5 g6 19. Bxd6 Qxd6 20. Qh3 h5 21. dxc5 bxc5 22. Ne4 Qc6 23. Nc3 Rfe8 24. Qf3 Rxe1+ 25. Rxe1 Qd6 26. g3 Rd8 27. Kg2 Ne6 28. Qf6 Rb8 29. Re2 Qc6 30. Qf3 Rd8 31. Re5 Nd4 32. Qd3 Qd6 33. f4 Qc6 34. h3 Qb7 35. g4 Qxb2+ 36. Kg3 h4+ 37. Kxh4 Qf2+ 38. Kg5 Kg7 39.
Nxd5 Nf3+ 0-1

[Event "***Titled Tuesday 3|2 Blitz"]
[Site "Chess.com"]
[Date "2017.02.07"]
[Round "2"]
[White "ShimanovAlex"]
[Black "Sethu0025"]
[Result "1-0"]
[WhiteElo "2648"]
[BlackElo "2545"]
[TimeControl "180+2"]
[EndTime "13:26:54 PST"]
[Termination "ShimanovAlex won by checkmate"]

1. d4 d5 2. Bf4 Nf6 3. e3 c5 4.
Nd2 Qb6 5. dxc5 Qxb2 6. Rb1 Qc3 7. Bb5+ Bd7 8. Nf3 Qxc5 9. Bxd7+ Nbxd7 10. Rxb7 e6 11.
c4 Bd6 12. Nb3 Qc6 13. Na5 Qa6 14. Bxd6 Qxa5+ 15. Qd2 Qa6 16. Qb4 dxc4 17. Ne5 Rd8 18. Nxd7 Rxd7 19. Rb8+ Rd8 20. Rxd8+ Kxd8 21. Qb8+ Qc8 22.
Qxa7 Nd7 23. O-O c3 24. Rc1 c2 25. Qa4 Qc3 26. h3 Nb6 27. Qa7 Qc6 28. Be5 Nd7 29.
Bb2 Ke7 30. Ba3+ Kf6 31. Qd4+ e5 32. Qh4+ Kg6 33. Qg4+ Kf6 34. Qh4+ Ke6 35. Qe7+ Kf5 36. Qxf7+ Nf6 37. Qxg7 Rg8 38. g4+ Ke4 39. Qf7 h5 40.
f3+ Kxe3 41. Qa7+ Kf4 42. Qf2 Rc8 43. Re1 Qxf3 44. Bc1# 1-0

[Event "***Titled Tuesday 3|2 Blitz"]
[Site "Chess.com"]
[Date "2017.02.07"]
[Round "2"]
[White "chorejason"]
[Black "abubakrtagelsir"]
[Result "0-1"]
[WhiteElo "2017"]
[BlackElo "2138"]
[TimeControl "180+2"]
[EndTime "13:26:56 PST"]
[Termination "abubakrtagelsir won by resignation"]

1. e4 d6 2. d4 Nf6 3. Nc3 g6 4.
Bd3 Bg7 5. f4 O-O 6. Nf3 Bg4 7.
h3 Bxf3 8. Qxf3 Nc6 9. Be3 Nd7 10. e5 Nb4 11. Be4 c5 12. a3 cxd4 13. Bxd4 dxe5 14. fxe5 Nc6 15. Bxc6 bxc6 16. O-O-O Qc7 17. e6 fxe6 18. Qd3 e5 19. Be3 Nf6 20. Qc4+ Kh8 21. g4 Qb7 22. h4 Rab8 23. Qa2 Nxg4 24. Bc5 Nf2 25. Bxf2 Rxf2 26. Ne4 Rf5 27. h5 g5 28. h6 Bf6 29. b4 Rf4 30. Ng3 Rf8 31. Qe6 Qc8 32. Rd7 Rd4 33.
Rd1 Qxd7 34. Qxd7 Rxd7 35. Rxd7 g4 36. Rxa7 Bh4 37. Ne2 g3 38. Nxg3 Bxg3 39. Rxe7 Bf4+ 40. Kb2 Bxh6 41. Kb3 Bg7 42. Re6 h5 43. Rxc6 h4 44.
Rc4 Rf4 45. Rc3 e4 46. Rh3 Rf3+ 47. Rxf3 exf3 0-1

[Event "***Titled Tuesday 3|2 Blitz"]
[Site "Chess.com"]
[Date "2017.02.07"]
[Round "2"]
[White "Noukii"]
[Black "Mornar1951"]
[Result "1-0"]
[WhiteElo "2619"]
[BlackElo "2562"]
[TimeControl "180+2"]
[EndTime "13:26:57 PST"]
[Termination "Noukii won on time"]

1. d4 d5 2. Nf3 Nf6 3. c4 e6 4. g3 Bb4+ 5. Bd2 Be7 6. Bg2 c6 7. O-O b6 8. Bf4 Ba6 9. Ne5 Nfd7 10. Nxd7 Nxd7 11. cxd5 cxd5 12. Nc3 O-O 13. Qa4 Bb7 14. Rfc1 a6 15. Qb3 Rc8 16. a4 Rc4 17. Qd1 Nf6 18.
Bf1 Rc6 19. Bg5 Qd7 20. Bxf6 Bxf6 21. e3 Rfc8 22. Bd3 R8c7 23. Ne2 g6 24. Rxc6 Rxc6 25. Rc1 Rxc1 26. Nxc1 Be7 27. Ne2 Qc7 28. h4 Bd6 29. Kh2 Kg7 30. Ng1 a5 31. Ne2 Bb4 32. Nf4 Bd6 33.
Nh3 Bc6 34. Ng5 Qd7 35. b3 f6 36. Nf3 e5 37. dxe5 fxe5 38. Ng5 Be7 39. Nxh7 d4 40. Ng5 dxe3 41. fxe3 Bxg5 42. hxg5 Qd5 43. e4 Qd4 44. Qf1 Qb2+ 45. Kh1 Qc3 46. Qf6+ Kh7 47.
Qf7+ Kh8 48. Qf8+ Kh7 49. Qh6+ Kg8 50. Bc4+ 1-0

[Event "***Titled Tuesday 3|2 Blitz"]
[Site "Chess.com"]
[Date "2017.02.07"]
[Round "2"]
[White "MumLookatMeNow"]
[Black "StegariuVlad"]
[Result "1-0"]
[WhiteElo "2246"]
[BlackElo "2381"]
[TimeControl "180+2"]
[EndTime "13:26:58 PST"]
[Termination "MumLookatMeNow won by checkmate"]

1. e4 e5 2. Nf3 Nc6 3. d4 exd4 4. Nxd4 Nf6 5. Nc3 Bb4 6. Nxc6 bxc6 7. Bd3 O-O 8. O-O d5 9. exd5 cxd5 10. Bg5 c6 11. Qf3 Be7 12. Rfe1 h6 13. Bh4 Rb8 14.
b3 Bb4 15. Bf1 Be6 16. a3 Be7 17. Bd3 Re8 18. Ne2 Nd7 19. Bxe7 Qxe7 20. Nd4 Qd6 21. Rad1 Nf6 22. h3 Bd7 23. b4 Ra8 24. Nb3 Re7 25. c4 Rae8 26. Rxe7 Rxe7 27. Nc5 Be6 28. Bc2 a5 29.
Qd3 axb4 30. axb4 Qf4 31. Ra1 Re8 32. Nxe6 fxe6 33. Qg6 Qc7 34. c5 Rb8 35. Ra4 e5 36.
Bf5 e4 37. Be6+ Kf8 38. g4 Qe7 39. Qf5 Re8 40. b5 Qxe6 41. Qxe6 Rxe6 42. b6 Re8 43. Ra7 Rb8 44. Rc7 Ke8 45. Rxc6 Ke7 46. Rc7+ Ke6 47. Rxg7 Nd7 48. c6 Nxb6 49. Rg6+ Ke5 50. c7 Rc8 51. Rxb6 Rxc7 52. Rxh6 d4 53. Ra6 Rc2 54. Ra5+ Kf4 55. Rf5# 1-0

[Event "***Titled Tuesday 3|2 Blitz"]
[Site "Chess.com"]
[Date "2017.02.07"]
[Round "2"]
[White "Paralinch"]
[Black "TomsKantans"]
[Result "0-1"]
[WhiteElo "2615"]
[BlackElo "2509"]
[TimeControl "180+2"]
[EndTime "13:26:59 PST"]
[Termination "TomsKantans won by resignation"]

1. e4 c5 2. Nf3 Nf6 3. e5 Nd5 4.
Nc3 e6 5. Nxd5 exd5 6. d4 Nc6 7.
dxc5 Bxc5 8. Qxd5 Qb6 9. Bc4 Bxf2+ 10. Ke2 O-O 11. Rf1 Bc5 12. Ng5 Nd4+ 13. Kd1 Ne6 14. Ne4 d6 15. exd6 Rd8 16. Bd3 Bxd6 17. Qf5 Bc7 18.
Qxf7+ Kh8 19. Bd2 Bd7 20. Bc3 Bb5 21. Ke2 Bxd3+ 22. cxd3 Nd4+ 23. Bxd4 Qxd4 24. Rad1 Bb6 25. Qf4 Qxb2+ 26. Rd2 Qb5 27. Qf5 Qc6 28. Rf3 h6 29. g4 Rd5 30. Qf7 Re8 31. g5 Rxg5 32. Kd1 Rg1+ 33. Rf1 Rxf1+ 34. Qxf1 Qa4+ 35. Ke2 Qd4 36. Qf3 Bc7 37. h3 b5 38. Rc2 Bb6 39. h4 b4 40. h5 a5 41. Rd2 a4 42. Qg3 b3 43.
Qg6 Rf8 44. axb3 axb3 45. Kd1 b2 46. Kc2 Rc8+ 0-1

[Event "***Titled Tuesday 3|2 Blitz"]
[Site "Chess.com"]
[Date "2017.02.07"]
[Round "2"]
[White "pastouche06"]
[Black "Grebeniuk-S"]
[Result "1-0"]
[WhiteElo "2329"]
[BlackElo "2431"]
[TimeControl "180+2"]
[EndTime "13:27:00 PST"]
[Termination "pastouche06 won by checkmate"]

1. d4 f5 2. Bg5 g6 3. Nc3 Nh6 4.
h4 Nf7 5. Bf4 d6 6. e4 Bg7 7.
exf5 Bxf5 8. Bd3 Bxd3 9. Qxd3 O-O 10. Nge2 e5 11. Be3 Nc6 12. O-O-O Qd7 13. h5 exd4 14. hxg6 Nfe5 15. Qe4 hxg6 16. Nxd4 Nxd4 17. Bxd4 Rae8 18.
Qh4 Bf6 19. Qg3 Qg7 20. Nd5 c6 21. Nxf6+ Qxf6 22. Kb1 Rf7 23. Rh6 Rg7 24. Rdh1 Kf7 25. Qb3+ Qe6 26. Qxb7+ Re7 27. Qa6 c5 28. Bc3 Qc4 29. Qc8 Qe6 30. Qa8 Qf5 31. Rh8 Ke6 32.
Qc8+ Rd7 33. Re8+ Re7 34. Rhh8 Kd5 35. Qa8+ Kc4 36. Bxe5 Qxe5 37. b3+ Kc3 38. Qf3+ Kd2 39. Qd3+ Ke1 40. Rh1+ Kxf2 41. Qf3# 1-0

[Event "***Titled Tuesday 3|2 Blitz"]
[Site "Chess.com"]
[Date "2017.02.07"]
[Round "2"]
[White "Rating-Schmating"]
[Black "dretch"]
[Result "0-1"]
[WhiteElo "2277"]
[BlackElo "2540"]
[TimeControl "180+2"]
[EndTime "13:27:01 PST"]
[Termination "dretch won by resignation"]

1. e4 e6 2. d4 d5 3. Nd2 c5 4. exd5 Qxd5 5. Ngf3 cxd4 6. Bc4 Qd6 7. O-O Nf6 8. Nb3 Nc6 9. Nbxd4 Nxd4 10. Qxd4 Bd7 11. Bg5 Qxd4 12. Nxd4 Ne4 13. Be3 Rc8 14. b3 Bc5 15. Rad1 Nd6 16. Bd3 O-O 17. Rfe1 e5 18. Nf3 Bg4 19. Bxc5 Rxc5 20. Bxh7+ Kxh7 21. Rxd6 Bxf3 22. gxf3 Rxc2 23. Rxe5 Rxa2 24. Rd7 b6 25. Ree7 a6 26.
Rd6 b5 27. Ra7 a5 28. Rd5 Rc8 29. Rxb5 Rc1+ 30. Kg2 Rcc2 31. Raxa5 Rxf2+ 32. Kg3 Rg2+ 33. Kf4 Rad2 34. Rh5+ Kg6 35. Rag5+ Rxg5 36. Rxg5+ Kf6 37. Rb5 Rxh2 38. Rb6+ Ke7 39. Rb7+ Ke6 40. b4 Rh4+ 41. Kg3 Rc4 42. b5 Rb4 43. b6 Kf6 44. Rb8 g5 45. b7 Kf5 46. Kf2 Kf4 47. Ke2 f5 48. Kd3 Kxf3 49. Rf8 Rb3+ 50. Kd2 Rxb7 51. Rxf5+ Kg4 52.
Rf6 Re7 53. Rh6 Kf3 54. Rf6+ Kg3 55. Rh6 g4 56. Rh8 Kg2 57. Rh6 g3 58. Rh5 Kg1 59. Rh4 g2 60. Rh6 Re5 61. Kd3 Kf2 62. Rf6+ Kg3 63. Rg6+ Kh3 64. Kd4 Re1 65. Rh6+ Kg3 66.
Rg6+ Kf3 67. Rf6+ Ke2 68. Re6+ Kd1 69. Ra6 g1=Q+ 70. Kd3 Qf1+ 71. Kd4 Qxa6 0-1

[Event "***Titled Tuesday 3|2 Blitz"]
[Site "Chess.com"]
[Date "2017.02.07"]
[Round "2"]
[White "olgerts_indricans"]
[Black "FMchesstrainer"]
[Result "0-1"]
[WhiteElo "2332"]
[BlackElo "2369"]
[TimeControl "180+2"]
[EndTime "13:27:02 PST"]
[Termination "FMchesstrainer won by resignation"]

1. e4 c5 2. Nf3 Nc6 3. Bb5 Na5 4.
O-O a6 5. Be2 Nc6 6. d4 cxd4 7.
Nxd4 Nf6 8. Nc3 e6 9. Be3 d6 10. Kh1 Be7 11. f4 O-O 12. Qe1 Nxd4 13. Bxd4 b5 14.
Bf3 Rb8 15. Rd1 b4 16. Nb1 Qc7 17. c3 a5 18. Rc1 b3 19. a3 Ba6 20. Rg1 e5 21.
Be3 Bb7 22. Nd2 exf4 23. Bxf4 Nd7 24. Nxb3 Ne5 25. Qd1 Ba6 26. Bxe5 dxe5 27. c4 Rfd8 28.
Qc2 Qb6 29. Nd2 Qxb2 30. Qxb2 Rxb2 31. Nb1 g6 32. c5 Rc8 33. c6 Rc7 34. a4 Rb6 35. Nd2 Bg5 36. Rb1 Rbxc6 37. Nb3 Bd3 38. Ra1 Ra6 39. g3 Bc2 40. Nc1 Rc3 41. Kg2 Rd6 42. Ne2 Rd2 43. Kh3 Rxf3 44. Rg2 Bxe4 45. Kg4 Re3 46. Re1 h6 0-1